 Dungeon Crawl Stone Soup version 0.31-a0-1343-gcd514f47d3 (webtiles) character file.

Game seed: 2674585124635140548

120575 Impy the Warrior (level 16, -11/141 HPs)
             Began as a Demonspawn Gladiator on Dec 20, 2023.
             Was an Initiate of Gozag.
             Constricted to death by a shambling mangrove (16 damage)
             ... on level 3 of the Swamp on Dec 22, 2023.
             The game lasted 01:04:47 (29939 turns).

Impy the Warrior (Demonspawn Gladiator)            Turns: 29939, Time: 01:04:48

Health: -11/141    AC: 21    Str: 16    XL:     16   Next: 30%
Magic:  16/16      EV: 16    Int:  9    God:    Gozag
Gold:   1989       SH: 17    Dex: 21    Spells: 15/15 levels left

rFire   + + .        C - +6 scimitar (flame)
rCold   + . .        V - +0 buckler {AC+3}
rNeg    . . .        x - +0 leather armour of Zaakoyni {rF+ Will+}
rPois   +            c - +1 helmet
rElec   .            G - scarf {rC+ rF+}
rCorr   .            H - +0 pair of gloves
SInv    .            p - +0 pair of boots
Will    ++...        n - amulet of reflection
Stlth   ++           B - +4 ring of protection
HPRegen 0.43/turn    u - ring of poison resistance
MPRegen 0.15/turn

%: reflection
@: lethally poisoned (-11 -> -14), about to teleport, grasped by roots, slowed,
constricted, very slow
A: hooves 2, thin metallic scales 2, icemail 1, powered by pain 3, condensation
shield
a: Renounce Religion, Potion Petition, Call Merchant, Bribe Branch


You were on level 3 of the Swamp.
You worshipped Gozag.
Gozag was most pleased with you.
You visited 4 branches of the dungeon, and saw 25 of its levels.
You also visited: Bailey.

You collected 10665 gold pieces.
You spent 1862 gold pieces at shops.
You paid 6814 gold pieces to Gozag.

Inventory:

Hand Weapons
 C - a +6 scimitar of flaming (weapon)
Missiles
 b - 5 throwing nets (quivered)
 e - 16 javelins
Armour
 c - a +1 helmet (worn)
 p - a +0 pair of boots (worn)
 x - the +0 leather armour of Zaakoyni (worn) {rF+ Will+}
   (You bought it in a shop on level 1 of the Lair of Beasts)

   rF+:       It protects you from fire.
   Will+:     It increases your willpower.
 G - a scarf of resistance (worn)
 H - a +0 pair of gloves (worn)
 V - a +0 buckler of protection (worn)
Jewellery
 d - a ring of ice
 n - an amulet of reflection (around neck)
 r - a ring of resist corrosion
 u - a ring of poison resistance (right hand)
 y - a ring of magical power
 B - a +4 ring of protection (left hand)
 E - a ring of willpower
 L - a +6 ring of strength
 P - an amulet of magic regeneration
 R - a ring of flight
 T - a ring of see invisible
 U - a +6 ring of strength
Wands
 a - a wand of flame (9)
 v - a wand of roots (14)
 z - a wand of quicksilver (12)
 D - a wand of mindburst (19)
 I - a wand of charming (12)
Scrolls
 f - 3 scrolls of revelation
 h - 10 scrolls of teleportation
 i - 2 scrolls of blinking
 m - 4 scrolls of poison
 q - 3 scrolls of immolation
 s - 6 scrolls of enchant armour
 A - 16 scrolls of identify
 J - 3 scrolls of vulnerability
 N - 4 scrolls of amnesia
 W - a scroll of torment
 Y - a scroll of brand weapon
Potions
 g - 2 potions of ambrosia
 j - 6 potions of enlightenment
 k - 5 potions of mutation
 l - 4 potions of attraction
 o - 3 potions of invisibility
 t - 11 potions of curing
 w - 4 potions of brilliance
 F - 2 potions of berserk rage
 K - a potion of magic
 M - 2 potions of haste
 O - 4 potions of might
 S - a potion of resistance {unknown}
 X - a potion of heal wounds


   Skills:
 + Level 17.5 Fighting
 + Level 16.1 Long Blades
 - Level 1.7 Throwing
 - Level 11.3 Dodging
 + Level 11.8 Shields


You had 15 spell levels left.
You didn't know any spells.
Your spell library contained the following spells:

 Spells                   Type           Power      Damage    Failure   Level
 Foxfire                  Conj/Fire      0%         2x1d4     52%         1
 Freeze                   Ice            0%         1d3       52%         1
 Kiss of Death            Conj/Necr      0%         2d5       52%         1
 Magic Dart               Conj           0%         1d3       52%         1
 Call Imp                 Summ           0%         N/A       65%         2
 Ensorcelled Hibernation  Hex/Ice        0%         N/A       65%         2
 Mercury Vapours          Alch/Air       0%         N/A       65%         2
 Passwall                 Alch/Erth      0%         N/A       65%         2
 Confusing Touch          Hex            0%         N/A       87%         3
 Dazzling Flash           Conj/Hex       0%         N/A       87%         3
 Frozen Ramparts          Ice            0%         1d1       87%         3
 Fugue of the Fallen      Necr           0%         N/A       87%         3
 Hailstorm                Conj/Ice       0%         3d5       87%         3
 Inner Flame              Hex/Fire       0%         N/A       87%         3
 Mephitic Cloud           Conj/Alch/Air  0%         N/A       87%         3
 Anguish                  Hex/Necr       0%         N/A       99%         4
 Dispel Undead            Necr           0%         3d6       99%         4
 Flame Wave               Conj/Fire      0%         2d4       99%         4
 Sticky Flame             Fire/Alch      0%         2d4       99%         4
 Summon Ice Beast         Ice/Summ       0%         N/A       99%         4
 Agony                    Necr           0%         N/A       100%        5
 Irradiate                Conj/Alch      0%         3d11      100%        5
 Silence                  Hex/Air        0%         N/A       100%        5
 Summon Mana Viper        Hex/Summ       0%         N/A       100%        5
 Plasma Beam              Fire/Air       0%         2x1d10    100%        6
 Starburst                Conj/Fire      0%         6d3       100%        6
 Monstrous Menagerie      Summ           0%         N/A       100%        7
 Ozocubu's Refrigeration  Ice            0%         4d7       100%        7
 Polar Vortex             Ice            0%         N/A       100%        9
 Simulacrum               Ice/Necr       Unusable   N/A       N/A         6

Dungeon Overview and Level Annotations

Branches:
Dungeon (15/15)            Temple (0/1) D:5            Lair (5/5) D:9
  Swamp (3/4) Lair:3       Spider (0/4) Lair:3        Slime (0/5) Lair:4
    Orc (2/2) D:10            Elf (0/3) Orc:2        Vaults (0/5) D:14
 Depths (0/4) D:15         Bailey (visited)

Altars:
Dithmenos
Fedhas
Gozag
Kikubaaqudgha
Makhleb
Okawaru
Ru
Trog
Vehumet
Xom
Jiyva

Shops:
D:3 (   D:7 *   D:9 (   Orc:1 *   Orc:2 (((([**   Lair:1 [(   Swamp:1 (

Portals:
Trove: D:12 (give +3 shadow dragon scales)

Annotations:
Lair:3 exclusion: 4 oklob plants


Innate Abilities, Weirdness & Mutations

You have hoof-like feet.
You are mostly covered in thin metallic scales. (AC +3)
A meltable icy envelope protects you from harm. (AC +4)
You are powered by pain.
A meltable shield of frost defends you. (SH +4)


Message History

The shambling mangrove hits you but does no damage.
The grasping roots constrict you!
The hornet stings you but does no damage.
The hornet stings you.
You feel yourself slow down. The hornet stings you.
You feel as though you will be slow longer.
The hornet stings you but does no damage.
The shambling mangrove hits you but does no damage.
The grasping roots constrict you!
The hornet stings you but does no damage.
The hornet stings you!
You are poisoned.
You can move again.
You hit the shambling mangrove. You burn the shambling mangrove.
The shambling mangrove is almost destroyed.
You feel very sick. The hornet stings you!
* * * LOW HITPOINT WARNING * * *
You shrug off the repeated paralysis!
The hornet stings you.
* * * LOW HITPOINT WARNING * * *
The hornet closely misses you.
You block the shambling mangrove's attack.
The grasping roots constrict you. The hornet barely misses you.
As you read the scroll of fear, it crumbles to dust.
You assume a fearsome visage.
The hornet resists with some effort.
The hornet looks frightened! x2; The shambling mangrove is unaffected.
You feel very sick. You block the hornet's attack.
The shambling mangrove barely misses you.
The grasping roots constrict you!!
* * * LOW HITPOINT WARNING * * *
You block the hornet's attack.
As you read the scroll of teleportation, it crumbles to dust.
You feel strangely unstable.
* * * LOW HITPOINT WARNING * * *
You feel very sick. You block the hornet's attack.
The shambling mangrove barely misses you.
The grasping roots constrict you!
You die...
Your body crumbles into a pile of gold.

♣~....~..~...~..§~~#
♣..P
♣.~~......~..~..§.~♣
...P
♣.~....~~.§..~~~.~.♣
♣..
♣.~~.....§.~.~~.~~.♣
♣~~.§...~...~♣#♣♣♣#♣
.~....~.§~§#
......~~.~♣
.~..~..§$~♣
~~...§~@y~♣
.....~~.f.♣
~.~.....~~#
...~.=...~♣
...~.^..~~~
~.y~~..y..♣~
..§.~..~..♣~♣
§....~.§.~♣ ♣


You could see a shambling mangrove and 3 hornets.

Vanquished Creatures
  Kirke (Swamp:3)
  An orc warlord (Orc:2)
  A stone giant (D:15)
  An eleionoma (Swamp:2)
  2 bunyips
  A dire elephant (Lair:4)
  A fire dragon (D:15)
  A shambling mangrove (Swamp:3)
  Fannar (Lair:1)
  Harold (Lair:1)
  9 hydras
  Erica (D:9)
  5 vault guards (D:14)
  An anaconda (Swamp:2)
  7 centaur warriors
  4 alligators
  3 boulder beetles
  13 death yaks
  4 two-headed ogres
  4 tengu warriors
  Urug (D:12)
  5 orc high priests
  4 skysharks
  A deep elf knight (D:13)
  A fire crab (shapeshifter) (D:15)
  4 goliath frogs
  2 swamp dragons
  An arcanist (D:14)
  2 bog bodies (Swamp:2)
  A spriggan druid (Swamp:2)
  A deep elf archer (D:14)
  A deep elf zephyrmancer (D:13)
  3 deep elf pyromancers
  A necromancer (Lair:5)
  6 orc knights
  An ugly thing (D:7)
  9 cyclopes
  12 orc sorcerers
  2 manticores
  13 elephants
  The ghost of Colgate the Covert, a novice KoBr (D:7)
  4 kobold blastminers (Orc:2)
  Joseph (Lair:1)
  3 black mambas
  2 gargoyles (D:14)
  2 unseen horrors
  12 cane toads
  An efreet (D:14)
  2 kobold demonologists
  Jeremiah (D:8)
  A rime drake (shapeshifter) (D:15)
  3 rime drakes
  10 komodo dragons
  A freezing wraith (D:14)
  A tengu conjurer (D:13)
  A meliai (shapeshifter) (D:15)
  A polar bear (Lair:3)
  4 hornets
  9 trolls
  8 tyrant leeches
  30 blink frogs
  Prince Ribbit (D:7)
  A raiju (shapeshifter) (D:14)
  12 dream sheep
  2 culicivoras (Lair:3)
  6 slime creatures (D:15)
  A centaur simulacrum (D:14)
  A spriggan (Swamp:3)
  2 shadows
  2 wraiths
  3 vampires
  A water elemental (D:14)
  4 wyverns
  4 basilisks
  41 yaks
  A hog (Swamp:3)
  3 wargs
  A golden eye (Lair:3)
  2 death yak simulacra (Lair:5)
  20 vampire mosquitoes
  A harpy simulacrum (D:13)
  3 swamp worms (Swamp:1)
  An acid dragon (D:12)
  2 hydra simulacra (Lair:5)
  16 water moccasins
  2 swamp drakes
  An ice beast (D:5)
  6 ogres
  32 orc warriors
  4 black bears
  11 wolves
  12 centaurs
  4 boggarts (D:14)
  4 phantoms
  6 kobold brigands
  19 bullfrogs
  A gnoll sergeant (D:10)
  6 scorpions
  8 wights (D:9)
  8 killer bees (D:9)
  An elephant simulacrum (Lair:5)
  2 electric eels
  4 howler monkeys
  2 hounds
  2 gnoll boudas (D:8)
  26 orc priests
  A sleepcap (D:5)
  6 iguanas
  4 jellies
  21 orc wizards
  3 hell rats (Lair:5)
  17 adders
  17 gnolls
  5 shadow imps
  2 white imps
  6 hell rat simulacra (Lair:5)
  An ufetubus (D:7)
  88 orcs
  11 endoplasms
  2 giant cockroaches
  11 goblins
  10 hobgoblins
  7 ball pythons
  5 bats
  3 frilled lizards
  37 kobolds
  7 rats
787 creatures vanquished.

Vanquished Creatures (others)
  4 orc wizards
4 creatures vanquished.

Grand Total: 791 creatures vanquished

Notes
Turn   | Place    | Note
-------+----------+-------------------------------------------
     0 | D:1      | Impy the Demonspawn Gladiator began the quest for the Orb.
     0 | D:1      | Reached XP level 1. HP: 16/16 MP: 1/1
   179 | D:1      | Gained mutation: A meltable shield of frost defends you.
                  | (SH +4) [demonic ancestry]
   179 | D:1      | Reached XP level 2. HP: 22/22 MP: 2/2
   606 | D:2      | Gained mutation: You are partially covered in thin metallic
                  | scales. (AC +2) [demonic ancestry]
   606 | D:2      | Reached XP level 3. HP: 17/28 MP: 3/3
   945 | D:2      | Reached skill level 3 in Fighting
   945 | D:2      | Reached XP level 4. HP: 35/35 MP: 4/4
  1768 | D:3      | Noticed a scorpion
  1780 | D:3      | Killed a scorpion
  1781 | D:3      | Gained mutation: You sometimes gain a little power by
                  | taking damage. [demonic ancestry]
  1781 | D:3      | Reached XP level 5. HP: 38/41 MP: 5/5
  1864 | D:3      | Found Enohe's Weapon Boutique.
  1974 | D:4      | Found a blossoming altar of Fedhas.
  2006 | D:4      | Reached skill level 4 in Fighting
  2006 | D:4      | Gained mutation: You sometimes gain power by taking damage.
                  | [demonic ancestry]
  2006 | D:4      | Reached XP level 6. HP: 21/48 MP: 6/6
  2474 | D:4      | Reached XP level 7. HP: 54/55 MP: 7/7
  2510 | D:4      | Found an opulent altar of Gozag.
  2517 | D:4      | Became a worshipper of Gozag Ym Sagoz the Greedy
  2690 | D:5      | Entered Level 5 of the Dungeon
  2806 | D:5      | Found a staircase to the Ecumenical Temple.
  2816 | D:5      | Reached skill level 5 in Fighting
  2816 | D:5      | Reached skill level 5 in Long Blades
  2816 | D:5      | Reached skill level 5 in Dodging
  3303 | D:5      | Reached XP level 8. HP: 42/64 MP: 8/8
  3531 | D:5      | Reached skill level 6 in Fighting
  4312 | D:6      | Reached skill level 7 in Fighting
  4734 | D:7      | Found a transporter.
  4734 | D:7      | Noticed Colgate's ghost (novice KoBr)
  4734 | D:7      | Noticed a white ugly thing
  4795 | D:7      | Reached XP level 9. HP: 55/72 MP: 9/9
  4971 | D:7      | Noticed Prince Ribbit
  4972 | D:7      | Killed Prince Ribbit
  5091 | D:7      | Found a shimmering altar of Xom.
  5227 | D:7      | Found Ziutud's Hallowed Reliquary.
  5227 | D:7      | Noticed an angel
  5235 | D:7      | Bought a potion of curing for 42 gold pieces
  5235 | D:7      | Bought a potion of heal wounds for 70 gold pieces
  5235 | D:7      | Bought a potion of curing for 42 gold pieces
  5235 | D:7      | Bought a potion of heal wounds for 70 gold pieces
  5303 | D:7      | Found a transporter.
  5475 | D:7      | Killed a white ugly thing
  5476 | D:7      | Reached skill level 8 in Fighting
  5479 | D:7      | Killed Colgate's ghost
  5731 | D:8      | Found a flagged portal.
  5752 | Bailey   | Entered a bailey
  5856 | Bailey   | HP: 1/75 [gnoll/+0 hand axe (3)]
  5876 | Bailey   | Reached XP level 10. HP: 55/82 MP: 10/10
  6524 | D:8      | Noticed Jeremiah
  6548 | D:8      | Killed Jeremiah
  6549 | D:8      | Reached skill level 9 in Fighting
  6638 | D:8      | Got Voodghueny's Incunable of Noxious Composition
  6645 | D:8      | Identified the +1 leather armour "Ynexoam" {Str+2 Dex+3}
  6959 | D:8      | Paralysed by a hornet for 2 turns
  7397 | D:8      | Paralysed by a hornet for 2 turns
  7986 | D:9      | Noticed an elephant
  8002 | D:9      | Killed an elephant
  8043 | D:9      | Found a staircase to the Lair.
  8063 | D:9      | Reached skill level 10 in Fighting
  8622 | D:9      | Found a radiant altar of Vehumet.
  8664 | D:9      | Found Nihuk's Weapon Emporium.
  8789 | D:9      | Gained mutation: You have large cloven feet. [demonic
                  | ancestry]
  8789 | D:9      | Reached XP level 11. HP: 61/91 MP: 11/11
  8922 | D:9      | Noticed Erica
  8934 | D:9      | Killed Erica
  9135 | D:9      | Identified a scroll of acquirement
  9135 | D:9      | Acquired 1073 gold pieces
  9153 | D:9      | Found an iron altar of Okawaru.
  9788 | D:10     | Entered Level 10 of the Dungeon
  9789 | D:10     | Upgraded the game from 0.31-a0-1309-gbf3fed316f to
                  | 0.31-a0-1343-gcd514f47d3
  9990 | D:10     | Reached skill level 10 in Long Blades
  9990 | D:10     | Reached skill level 10 in Dodging
 10428 | D:10     | Found a staircase to the Orcish Mines.
 10463 | D:10     | Reached skill level 11 in Fighting
 10933 | Lair:1   | Entered Level 1 of the Lair of Beasts
 10944 | Lair:1   | Noticed Joseph
 10972 | Lair:1   | Killed Joseph
 11340 | Lair:1   | Bought a faintly humming leather armour for 182 gold pieces
 11340 | Lair:1   | Identified the +0 leather armour of Zaakoyni {rF+ Will+}
                  | (You bought it in a shop on level 1 of the Lair of Beasts)
 11411 | Lair:1   | Noticed Harold
 11431 | Lair:1   | Killed Harold
 11733 | Lair:1   | Gained mutation: A meltable icy envelope protects you from
                  | harm. (AC +4) [demonic ancestry]
 11733 | Lair:1   | Reached XP level 12. HP: 101/101 MP: 12/12
 11743 | Lair:1   | Noticed Fannar
 11767 | Lair:1   | Killed Fannar
 12509 | Lair:2   | Reached skill level 12 in Fighting
 12879 | Lair:2   | Noticed a boulder beetle
 12924 | Lair:2   | Killed a boulder beetle
 12925 | Lair:2   | Reached skill level 1 in Shields
 13094 | Lair:2   | Noticed a death yak
 13096 | Lair:2   | Noticed a death yak
 13096 | Lair:2   | Noticed a death yak
 13096 | Lair:2   | Noticed a death yak
 13121 | Lair:2   | Noticed a death yak
 13124 | Lair:2   | Killed a death yak
 13141 | Lair:2   | Killed a death yak
 13153 | Lair:2   | Killed a death yak
 13158 | Lair:2   | Killed a death yak
 13164 | Lair:2   | Killed a death yak
 13650 | Lair:2   | Reached skill level 13 in Fighting
 13909 | Lair:3   | Found a staircase to the Swamp.
 13909 | Lair:3   | Noticed an eight-headed hydra
 13928 | Lair:3   | Killed a two-headed hydra
 14165 | Lair:3   | Gained mutation: You are mostly covered in thin metallic
                  | scales. (AC +3) [demonic ancestry]
 14165 | Lair:3   | Reached XP level 13. HP: 111/111 MP: 13/13
 14924 | Lair:3   | Found a hole to the Spider Nest.
 15081 | Lair:3   | Reached skill level 5 in Shields
 15629 | Lair:4   | Found a staircase to the Slime Pits.
 15629 | Lair:4   | Found a viscous altar of Jiyva.
 15918 | Lair:4   | Noticed a dire elephant
 15938 | Lair:4   | Killed a dire elephant
 16323 | Lair:4   | Reached skill level 14 in Fighting
 16884 | Lair:5   | Entered Level 5 of the Lair of Beasts
 17788 | Lair:5   | Reached XP level 14. HP: 121/121 MP: 14/14
 18618 | Lair:5   | Reached skill level 15 in Fighting
 19365 | Orc:1    | Entered Level 1 of the Orcish Mines
 19910 | Orc:2    | Entered Level 2 of the Orcish Mines
 19917 | Orc:2    | Found Ceifufer's General Store.
 20029 | Orc:2    | Noticed an orc warlord
 20283 | Orc:2    | Found a staircase to the Elven Halls.
 20340 | Orc:2    | Killed an orc warlord
 21230 | Orc:1    | Found Jit Eshrong's Assorted Antiques.
 21815 | Orc:2    | Found Tigua's Antique Weapon Shoppe.
 22347 | Orc:2    | Found Fihusme's Armour Shop.
 22354 | Orc:2    | Found Tuseecw's Assorted Antiques.
 22356 | Orc:2    | Found Wunnisk's Weapon Shoppe.
 22367 | Orc:2    | Bought a scroll of acquirement for 1456 gold pieces
 22419 | Orc:2    | Acquired 834 gold pieces
 22597 | D:11     | Gained mutation: You have hoof-like feet. [demonic
                  | ancestry]
 22597 | D:11     | Reached XP level 15. HP: 118/130 MP: 15/15
 22962 | D:11     | Found an iron altar of Okawaru.
 23196 | D:11     | You fall into a shaft and drop 2 floors!
 23240 | D:13     | Reached skill level 16 in Fighting
 23362 | D:12     | Noticed Urug
 23375 | D:12     | Killed Urug
 23809 | D:12     | Found a portal to a secret trove of treasure.
 24009 | D:12     | Found a burning altar of Makhleb.
 24403 | D:13     | Reached skill level 10 in Shields
 24751 | D:13     | Reached skill level 15 in Long Blades
 26299 | D:14     | Found a sacrificial altar of Ru.
 26923 | D:14     | Found a gate to the Vaults.
 27136 | D:15     | Entered Level 15 of the Dungeon
 27414 | D:15     | Identified the amulet "Aqawohicu" {RegenMP rElec Int-4
                  | Dex+4 Stlth+}
 27447 | D:15     | Found an ancient bone altar of Kikubaaqudgha.
 27447 | D:15     | Found an ancient bone altar of Kikubaaqudgha.
 27449 | D:15     | Found a shimmering altar of Xom.
 27449 | D:15     | Found a shadowy altar of Dithmenos.
 27449 | D:15     | Found a blossoming altar of Fedhas.
 27471 | D:15     | Reached skill level 17 in Fighting
 27477 | D:15     | Found a staircase to the Depths.
 28188 | Swamp:1  | Entered Level 1 of the Swamp
 28487 | Swamp:1  | Gained mutation: You are powered by pain. [demonic
                  | ancestry]
 28487 | Swamp:1  | Reached XP level 16. HP: 83/141 MP: 16/16
 29018 | Swamp:2  | Found a bloodstained altar of Trog.
 29829 | Swamp:3  | Noticed Kirke
 29842 | Swamp:3  | Killed Kirke
 29934 | Swamp:3  | Paralysed by a hornet for 3 turns
 29938 | Swamp:3  | HP: 7/141 [constriction (21)]
 29939 | Swamp:3  | Constricted to death by a shambling mangrove

Illustrated notes

Levels and vault maps discovered:
D:1:      amcnicky_arrival_flooded_fountain, layout_basic
D:2:      layout_basic, hex_intersection, hex_medium
D:3:      layout_loops_ring, serial_shops, shop,
          minmay_fractal_squares_gapless_5
D:4:      layout_rooms, mainiacjoe_overflow_catch_the_wave,
          minmay_joined_circles
D:5:      layout_rooms, minmay_temple_entry_overgrown
D:6:      minmay_spotlight, layout_loops_ring
D:7:      layout_loops_cross, overflow_temple_1_default, gammafunk_ghost_arena,
          nicolae_eternal_life, nicolae_good_shop, uniq_prince_ribbit1
D:8:      layout_cave_pods, enter_bailey_5, uniq_jeremiah
D:9:      layout_stronghold, nicolae_vehumet_altar_sigil, okawaru_trees_2,
          david_lair_generic, serial_shops, nicolae_shop_bloodbath_and_beyond,
          uniq_erica
D:10:     layout_roguey, erik_orc_3
D:11:     layout_cave_pools, chequers_mini_garden,
          chequers_serial_rivers_micro_e, david_defended_altar_orc
D:12:     layout_basic, nicolae_trove_entry_crossroad,
          makhleb_altar_promises_db, uniq_urug
D:13:     layout_basic
D:14:     layout_roguey, grunt_vaults_entry_fortified, kennysheep_crisscross,
          nicolae_ru_awakened_eye
D:15:     grunt_enter_depths_snipers, layout_long_grid, doesnt_xom_only_xom,
          minmay_misc_feat_alley
Lair:1:   layout_roguey, minivault_27, grunt_megastairs_2, uniq_fannar,
          uniq_harold, uniq_joseph
Lair:2:   layout_misc_corridors, serial_bayou_pond_a, serial_bayou_shore_a,
          grunt_megastairs_3
Lair:3:   layout_roguey, minmay_swamp_entry_reptiles,
          spider_nest_entry_funnel_web, disabler_island
Lair:4:   layout_small_grid, slime_entry_1, nicolae_lair_grazing_beasts
          [nicolae_sub_lair_graze_edge, nicolae_sub_lair_graze_edge,
          nicolae_sub_lair_graze_edge, nicolae_sub_lair_graze_edge]
Lair:5:   minmay_lair_end_frog_pond, layout_gridlike, eino_house_with_fridge,
          infiniplex_staircase_pool_2
Swamp:1:  layout_falls_marsh, evilmike_swamp_ruin_house_4,
          infiniplex_staircase_pool
Swamp:2:  layout_falls_marsh, nicolae_swamp_godswood, swamp_pool_4,
          nicolae_swamp_snake_nest
Swamp:3:  nzn_winding_woodlands_cross [nzn_winding_woodlands_5x15_default,
          nzn_winding_woodlands_5x15_sawtooth,
          nzn_winding_woodlands_5x15_garden,
          nzn_winding_woodlands_5x15_lazy_stream,
          nzn_winding_woodlands_15x15_five_gardens], layout_basic_swamp,
          ebering_ghost_xom, evilmike_swamp_ruin_rubble_2, uniq_kirke,
          uniq_bai_suzhen, uniq_mara
Orc:1:    layout_caves, serial_shops, nicolae_shop_overgrown_old_shop
Orc:2:    st_orc_elflike, layout_caves, gauntlet_entry_generic, serial_shops,
          shop, minmay_orc_temple_c

Skill      XL: |  1  2  3  4  5  6  7  8  9 10 11 12 13 14 15 16 |
---------------+-------------------------------------------------+-----
Dodging        | 3 4 5 6 8 9 10 11 | 11.3
Long Blades    | 3 4 5 6 8 9 10 12 13 14 15 16 | 16.1
Fighting       | 3 4 5 7 8 10 11 13 14 15 17 | 17.5
Shields        | 4 7 9 11 | 11.8
Throwing       | |  1.7

Action                     |  1- 3 |  4- 6 |  7- 9 | 10-12 | 13-15 | 16-18 || total
---------------------------+-------+-------+-------+-------+-------+-------++-------
  Melee: Long sword        |    99 |   200 |   353 |   231 |       |       ||   883
         Punch             |       |     1 |     9 |    15 |     1 |       ||    26
         Scimitar          |       |       |       |   686 |  1564 |   182 ||  2432
  Throw: Throwing net      |     1 |     2 |     2 |     4 |       |       ||     9
 Invoke: Potion Petition   |       |       |       |     3 |       |       ||     3
         Call Merchant     |       |       |       |     2 |     3 |       ||     5
  Evoke: Wand              |       |       |       |     5 |       |       ||     5
    Use: Scroll            |     6 |     6 |     5 |     8 |     9 |     2 ||    36
         Potion            |       |     1 |     5 |     4 |     5 |       ||    15
   Stab: Sleeping          |     1 |       |     1 |       |       |       ||     2
         Held in net/web   |     1 |       |       |       |       |       ||     1
         Distracted        |       |       |     3 |     9 |     9 |     1 ||    22
         Invisible         |       |       |       |     2 |     9 |       ||    11
 Armour: Leather armour    |    52 |    81 |   235 |   151 |   535 |    86 ||  1140
         Robe              |       |       |       |   249 |       |       ||   249
  Dodge: Dodged            |    68 |   103 |   309 |   610 |   672 |   123 ||  1885
  Block: Other             |    22 |    58 |   144 |   341 |    37 |       ||   602
         Reflection        |       |       |    12 |    14 |    88 |       ||   114
         Buckler           |       |       |       |       |   972 |   123 ||  1095

Table legend: (Time is in decaauts)
 A = Elapsed time spent in this place.
 B = Non-inter-level travel time spent in this place.
 C = Inter-level travel time spent in this place.
 D = Time resting spent in this place.
 E = Time spent auto-exploring this place.
 F = Levels seen in this place.
 G = Mean time per level.
                   A        B        C        D        E       F      G
               +--------+--------+--------+--------+--------+-----+--------+
         Total |  29849 |  28797 |   1052 |    231 |  22480 |  26 | 1148.0 |
       Dungeon |  16167 |  15590 |    577 |    112 |  12361 |  15 | 1077.8 |
          Lair |   8264 |   7947 |    317 |     11 |   6284 |   5 | 1652.8 |
         Swamp |   1783 |   1738 |     45 |      0 |   1406 |   3 |  594.3 |
  Orcish Mines |   2836 |   2724 |    112 |    108 |   1877 |   2 | 1418.0 |
        Bailey |    798 |    798 |      0 |      0 |    551 |   1 |  798.0 |
               +--------+--------+--------+--------+--------+-----+--------+

Top non-repeatable levels by time:
     D:9: 2009 daAuts
  Lair:5: 1877 daAuts
  Lair:4: 1769 daAuts
  Lair:3: 1616 daAuts
   Orc:2: 1601 daAuts
  Lair:1: 1569 daAuts
    D:14: 1550 daAuts
     D:8: 1541 daAuts
  Lair:2: 1430 daAuts
    D:10: 1374 daAuts
    D:13: 1319 daAuts
   Orc:1: 1234 daAuts
     D:5: 1055 daAuts
     D:6: 992 daAuts
     D:7: 989 daAuts
